 Dungeon Crawl Stone Soup version 0.24-a0-280-g7cec4da (webtiles) character file.

Game seed: 1870041906436119215

5 MatthieuS the Grave Robber (level 1, 0/13 HPs)
             Began as a Human Necromancer on May 1, 2019.
             Slain by a rat (3 damage)
             ... on level 1 of the Dungeon.
             The game lasted 00:00:17 (32 turns).

MatthieuS the Grave Robber (Human Necromancer)        Turns: 32, Time: 00:00:18

Health: 0/13       AC:  2    Str:  8    XL:     1   Next: 88%
Magic:  0/3        EV: 12    Int: 15    God:
Gold:   0          SH:  0    Dex: 13    Spells: 3/4 levels left

rFire    . . .     SeeInvis .   (no weapon)
rCold    . . .     Gourm    .   (no shield)
rNeg     . . .     Faith    .   a - +0 robe
rPois    .         Spirit   .   (no helmet)
rElec    .         Reflect  .   (no cloak)
rCorr    .         Harm     .   (no gloves)
MR       .....                  (no boots)
Stlth    ++........             (no amulet)
HPRegen  0.04/turn              (no ring)
MPRegen  0.08/turn              (no ring)

@: no status effects
A: no striking features
a: no special abilities


You were on level 1 of the Dungeon.
You were not hungry.

You visited 1 branch of the dungeon, and saw 1 of its levels.

Inventory:

Armour
 a - a +0 robe (worn)
Comestibles
 e - a ration


   Skills:
 - Level 2.0 Dodging
 - Level 2.0 Stealth
 + Level 2.2 Spellcasting
 + Level 4.1 Necromancy


You had 3 spell levels left.
You knew the following spells:

 Your Spells              Type           Power        Failure   Level  Hunger
a - Pain                  Necr           ##..         4%          1    #......

Your spell library contained the following spells:

 Spells                   Type           Power        Failure   Level  Hunger
 Animate Skeleton         Necr           N/A          4%          1    #......
 Vampiric Draining        Necr           ##........   12%         3    ###....
 Regeneration             Chrm/Necr      #.........   28%         3    ###....
 Animate Dead             Necr           N/A          36%         4    #####..


Dungeon Overview and Level Annotations

Branches:
Dungeon (1/15)

Altars:


Message History

e - a ration Welcome, MatthieuS the Human Necromancer.
It is said that the Orb of Zot exists deep within this dungeon.
Found a staircase leading out of the dungeon.
A frilled lizard comes into view.
The frilled lizard hisses angrily.
Found an escape hatch in the floor.
Aim: a frilled lizard (chance to defeat MR: 83%)
The frilled lizard writhes in agony.
You kill the frilled lizard!
An ooze comes into view.
Aim: an ooze (resting, chance to defeat MR: 70%)
The ooze quivers.
The ooze writhes in agony.
Aim: an ooze (moderately wounded, chance to defeat MR: 70%)
The ooze writhes in agony.
You don't have enough magic to cast that spell.
A rat comes into view.
You hit the ooze but do no damage. The ooze misses you.
Aim: an ooze (heavily wounded, chance to defeat MR: 70%)
The ooze writhes in agony.
The ooze hits you. The rat closely misses you.
You hit the ooze.
You kill the ooze!
The rat bites you but does no damage. The rat bites you.
* * * LOW HITPOINT WARNING * * *
Aim: a rat (chance to defeat MR: 85%)
The rat barely resists.
The rat closely misses you.
You hit the rat but do no damage. The rat barely misses you.
You hit the rat. The rat misses you.
You closely miss the rat. The rat bites you.
* * * LOW HITPOINT WARNING * * *
You barely miss the rat.
The rat twitches its whiskers.
The rat bites you.
You die...

#.##..#<#>##..##.#
#................#
########........#..
###........#
#..........#
#............
#...####.#####
#r..# ... #@..#
#### #####


You could see a rat.

Vanquished Creatures
  An ooze (D:1)
  A frilled lizard (D:1)
2 creatures vanquished.

Notes
Turn   | Place    | Note
-------+----------+-------------------------------------------
     0 | D:1      | MatthieuS the Human Necromancer began the quest for the
                  | Orb.
     0 | D:1      | Reached XP level 1. HP: 13/13 MP: 3/3
    32 | D:1      | Slain by a rat

Levels and vault maps discovered:
D:1:      onia_arrival_handbag, layout_basic

Action                   || total
-------------------------++-------
Melee: Unarmed           ||     6
 Cast: Pain              ||     5
Armor: Robe              ||     1
Dodge: Dodged            ||     5

Table legend:
 A = Non-vault XP
 B = Vault XP
 C = Vault XP percentage of total XP
 D = Non-vault monster count
 E = Vault monster count
 F = Vault count percentage of total count
                 A         B        C        D         E       F
            +---------+---------+-------+---------+---------+-------
      Total |       1 |       7 |  87.5 |       1 |       1 |  50.0
            +---------+---------+-------+---------+---------+-------
        D:1 |       1 |       7 |  87.5 |       1 |       1 |  50.0
            +---------+---------+-------+---------+---------+-------
